 Dungeon Crawl Stone Soup version 0.28.0 (webtiles) character file.

Game seed: 5883213147926665664

97 dolemite99 the Cutter (level 4, 0/32 HPs)
             Began as a Demonspawn Artificer on Feb 5, 2022.
             Was a Follower of Okawaru.
             Succumbed to an adder's poison
             ... on level 3 of the Dungeon.
             The game lasted 00:02:24 (2698 turns).

dolemite99 the Cutter (Demonspawn Artificer)        Turns: 2698, Time: 00:02:25

Health: 0/32       AC:  8    Str: 15    XL:     4   Next: 42%
Magic:  4/4        EV: 10    Int: 12    God:    Okawaru [*.....]
Gold:   45         SH:  0    Dex: 13    Spells: 3/3 levels left

rFire   . . .      SeeInvis .   h - +0 dagger (elec)
rCold   + . .      Faith    .   (no shield)
rNeg    . . .      Spirit   .   g - +0 ring mail
rPois   .          Reflect  .   (no helmet)
rElec   .          Harm     .   f - +0 cloak
rCorr   .          Rampage  .   (no gloves)
Will    .....      Clarity  +   (no boots)
Stlth   +.........              (no amulet)
HPRegen 0.10/turn               (no ring)
MPRegen 0.09/turn               (no ring)

@: lethally poisoned (0 -> -3), flying
A: claws 1, icy blue scales 1, talons 1, clarity, cold resistance 1
a: Renounce Religion, Heroism


You were on level 3 of the Dungeon.
You worshipped Okawaru.
Okawaru was aware of your devotion.
You visited 1 branch of the dungeon, and saw 4 of its levels.

You collected 45 gold pieces.

Inventory:

Hand Weapons
 a - a +0 club
 c - a +2 short sword of freezing
 h - a +0 dagger of electrocution (weapon)
 m - a +2 short sword of venom
Missiles
 i - 36 sling bullets
 n - 49 stones
Armour
 b - a +0 leather armour
 f - a +0 cloak (worn)
 g - a +0 ring mail (worn)
Wands
 d - a wand of charming (15)
 q - a wand of paralysis (8)
Scrolls
 j - 2 scrolls of enchant weapon {unknown}
 k - 2 scrolls of enchant armour {unknown}
 l - a scroll of fear {unknown}
 p - a scroll of silence {unknown}
 r - a scroll of immolation {unknown}
 t - a scroll of blinking {unknown}
Miscellaneous
 e - a piece from Xom's chessboard (15/15)


   Skills:
 - Level 1.0 Fighting
 + Level 3.6 Short Blades
 - Level 1.7 Armour
 - Level 0.8 Dodging
 - Level 0.8 Stealth
 - Level 3.2 Evocations


You had 3 spell levels left.
You didn't know any spells.
Your spell library contained the following spells:

 Spells                   Type           Power      Damage    Failure   Level
 Beastly Appendage        Tmut           0%         N/A       54%         1
 Wereblood                Tmut           0%         N/A       67%         2
 Portal Projectile        Hex/Tloc       0%         N/A       88%         3
 Spider Form              Tmut/Pois      0%         N/A       88%         3
 Blade Hands              Tmut           0%         N/A       100%        5
 Excruciating Wounds      Necr           0%         N/A       100%        5


Dungeon Overview and Level Annotations

Branches:
Dungeon (4/15)
 Temple: D:4-7

Altars:
Okawaru

Annotations:
D:4 Robin


Innate Abilities, Weirdness & Mutations

You have sharp fingernails.
You are partially covered in icy blue scales. (AC +2)
You have sharp toenails.
You possess an exceptional clarity of mind.
Your flesh is cold resistant. (rC+)


Message History

The adder closely misses you.
It was a potion of flight.
You feel very buoyant.
You fly up into the air.
The adder barely misses you. The adder barely misses you.
You hit the adder. Your kick misses the adder.
The adder is severely wounded.
The adder closely misses you.
You closely miss the adder. Your kick misses the adder.
Your claw misses the adder.
The adder is severely wounded.
The adder bites you.
* * * LOW HITPOINT WARNING * * *
You are lethally poisoned!
The adder poisons you!
You hit the adder but do no damage.
The adder is severely wounded.
* * * LOW HITPOINT WARNING * * *
You feel sick. The adder bites you but does no damage.
You hit the adder. Lightning courses through the adder!
You kill the adder!
Okawaru accepts your kill.
* * * LOW HITPOINT WARNING * * *
You feel sick.
You hit the goblin. Your kick misses the goblin.
The goblin is severely wounded.
* * * LOW HITPOINT WARNING * * *
You feel sick. The goblin hits you but does no damage.
You aren't carrying any potions.
Unknown command.
You hit the goblin but do no damage. You claw the goblin.
You kill the goblin!
Okawaru accepts your kill.
* * * LOW HITPOINT WARNING * * *
You feel sick.
You are too injured to fight recklessly!
You closely miss the hobgoblin. The hobgoblin closely misses you.
You hit the hobgoblin.
The hobgoblin is lightly wounded.
You die...

##.#####.#.....#.#...#....# #.##
#......#.......#.#...#....# #.##
#..............#.#...#....# #.##
#............).#.....#....####.##
#............>.###..##.........##
#...........)gg# #...#....#######
###.......####.# #.#.#..........#
#.......# #.###.#.##########.#
#.......# #gg@..#.# #.#.#
###.......##########.# #.#.#
.....................# #.#.#
.############################.#.#
.# #.......................#.# .#
#.#######################.#
.######.# #.# ........# #..
######### ###


You could see a hobgoblin and a goblin.

Vanquished Creatures
  3 adders
  2 worms (D:3)
  A dart slug (D:1)
  2 orcs (D:3)
  2 bats
  4 endoplasms
  3 giant cockroaches
  9 goblins
  8 hobgoblins
  8 kobolds
  3 quokkas
  4 ball pythons
  2 frilled lizards
  5 rats
56 creatures vanquished.

Vanquished Creatures (others)
  2 plants (D:1)
2 creatures vanquished.

Grand Total: 58 creatures vanquished

Notes
Turn   | Place    | Note
-------+----------+-------------------------------------------
     0 | D:1      | dolemite99 the Demonspawn Artificer began the quest for the
                  | Orb.
     0 | D:1      | Reached XP level 1. HP: 15/15 MP: 1/1
   449 | D:1      | Found a faded altar of an unknown god.
   466 | D:1      | Prayed at the altar of an unknown god.
   466 | D:1      | Became a worshipper of Warmaster Okawaru
   466 | D:1      | Reached * piety under Okawaru
   866 | D:1      | Reached skill level 1 in Short Blades
   867 | D:1      | Gained mutation: You are partially covered in icy blue
                  | scales. (AC +2) [demonic ancestry]
   867 | D:1      | Reached XP level 2. HP: 21/21 MP: 2/2
  1224 | D:2      | Reached XP level 3. HP: 26/26 MP: 3/3
  2063 | D:3      | Gained mutation: You have sharp fingernails. [demonic
                  | ancestry]
  2063 | D:3      | Reached XP level 4. HP: 23/32 MP: 4/4
  2648 | D:4      | Identified the +1 helmet of Snakes and Ladders {Harm}
  2648 | D:4      | Noticed Robin
  2687 | D:3      | Gained mutation: You possess an exceptional clarity of
                  | mind. [potion of mutation]
  2687 | D:3      | Gained mutation: Your flesh is cold resistant. (rC+)
                  | [potion of mutation]
  2687 | D:3      | Gained mutation: You have sharp toenails. [potion of
                  | mutation]
  2696 | D:3      | HP: 1/32 [poisoned by an adder]
  2698 | D:3      | Succumbed to an adder's poison

Illustrated notes

Levels and vault maps discovered:
D:1:      lemuel_arrival_broad_hall, layout_loops_corners,
          shapermc_ecumenical_altar_mp_ritualfount
D:2:      layout_loops_ring
D:3:      layout_basic
D:4:      layout_rooms, serial_shops, shop, serial_corexii_hall,
          corexii_hall_statues_i, chequers_hall_statues_wall_a,
          minmay_a_box_with_orc_wizards_in_it, uniq_robin, uniq_natasha

Skill      XL: |  1  2  3 |
---------------+----------+-----
Short Blades   | 1 2 3 |  3.6
Fighting       | |  1.0
Armour         | |  1.7
Dodging        | |  0.8
Stealth        | |  0.8
Evocations     | |  3.2

Action                   |  1- 3 |  4- 6 || total
-------------------------+-------+-------++-------
Melee: Club              |     7 |       ||     7
       Dagger            |   107 |    39 ||   146
       Punch             |     1 |     1 ||     2
       Kick              |       |     1 ||     1
Evoke: Wand              |    15 |       ||    15
  Use: Potion            |       |     2 ||     2
 Stab: Sleeping          |     1 |       ||     1
       Distracted        |       |     1 ||     1
Armor: Ring mail         |    54 |    18 ||    72
Dodge: Dodged            |    53 |    27 ||    80
